 Dungeon Sprint DCSS version 0.22.1-1-ga44c0e56f4 (webtiles) character file.

2308 MuseOD the Unseen (level 9, -2/52 HPs)
             Began as a Spriggan Enchanter on Sept 25, 2018.
             Was a Follower of Dithmenos.
             Slain by a centaur warrior (13 damage)
             ... in the Dungeon (Sprint I: "Red Sonja").
             The game lasted 00:01:55 (596 turns).

MuseOD the Unseen (Spriggan Enchanter)               Turns: 596, Time: 00:01:55

Health: -2/52      AC:  2    Str:  4    XL:     9   Next: 18%
Magic:  11/14      EV: 18    Int: 19    God:    Dithmenos [*.....]
Gold:   648        SH:  0    Dex: 17    Spells: 4/13 levels left

rFire    . . .     SeeInvis +   a - +1 dagger
rCold    . . .     Gourm    .   (shield restricted)
rNeg     . . .     Faith    .   b - +0 robe
rPois    .         Spirit   .   (helmet restricted)
rElec    .         Reflect  .   (no cloak)
rCorr    .         Harm     .   (gloves unavailable)
MR       +....     NoTele   +   (boots unavailable)
Stlth    ++++++++..             (no amulet)
HPRegen  0.17/turn              m - ring of wizardry
MPRegen  0.14/turn              (no ring)

@: wreathed by umbra, very quick
A: very small, unfitting armour, see invisible, herbivore, speed 3, slow
metabolism 2
a: Renounce Religion


You were in the Dungeon.
You worshipped Dithmenos.
Dithmenos was aware of your devotion.
You were not hungry.

You visited 1 branch You collected 648 gold pieces.

Inventory:

Hand Weapons
 a - a +1 dagger (weapon)
Armour
 b - a +0 robe (worn)
Jewellery
 m - a ring of wizardry (left hand)
 n - a -3 ring of evasion
Scrolls
 j - a scroll of blinking
Potions
 c - a potion of degeneration {unknown}
 e - a potion of curing
 f - a potion of heal wounds
 g - a potion of haste
 h - 2 potions of magic
 i - a potion of berserk rage
 l - a potion of lignification {unknown}
Comestibles
 d - a ration


   Skills:
 + Level 8.9 Fighting
 * Level 15.4 Short Blades
 - Level 3.0 Dodging
 + Level 15.8 Stealth
 - Level 2.6 Spellcasting
 - Level 3.6 Hexes


You had 4 spell levels left.
You knew the following spells:

 Your Spells              Type           Power        Failure   Level  Hunger
a - Corona                Hex            ###....      1%          1    None
b - Ensorcelled Hibernat  Hex/Ice        #.....       4%          2    ##.....
c - Confuse               Hex            ###.....     4%          3    ###....
d - Dazzling Spray        Conj/Hex       #.....       9%          3    ###....

Your spell library contained the following spells:

 Spells                   Type           Power        Failure   Level  Hunger
 Tukima's Dance           Hex            ###.....     4%          3    ###....


Dungeon Overview and Level Annotations

Branches:
Dungeon (1/1)

Altars:
Cheibriados
Dithmenos
Elyvilon
Fedhas
Gozag
Hepliaklqana
Kikubaaqudgha
Makhleb
Nemelex Xobeh
Okawaru
Qazlal
Ru
Sif Muna
Trog
Uskayaw
Vehumet
Wu Jian
Xom
Yredelemnul
Zin
The Shining One
Jiyva
Lugonu

Shops:
D [[


Innate Abilities, Weirdness & Mutations

You are very small and have problems with some larger weapons.
You are too small for most types of armour.
You have supernaturally acute eyesight. (SInv)
You are a herbivore.
You cover ground extremely quickly.
You need to consume almost no food.


Message History

The centaur warrior wields a shortbow.
The centaur warrior shoots an arrow.
The arrow hits you!!
You hear a splash.
The centaur warrior shoots an arrow.
The arrow hits you!
You hear a splash.
The centaur warrior hits you but does no damage.
You see here 2 arrows.
There is an open door here.
Which direction?
You close the door.
Something unseen opens the door.
Casting: Ensorcelled Hibernation (safe; 4% risk of failure)
Confirm with . or Enter, or press ? or * to list all spells.
Aiming: Confuse (safe; 4% risk of failure)
Press: ? - help, Shift-Dir - straight line, f - centaur warrior
Aim: a centaur warrior (umbra, chance to defeat MR: 29%)
The centaur warrior easily resists.
The centaur warrior hits you!
* * * LOW HITPOINT WARNING * * *
Which direction?
You close the door.
The centaur warrior hits you!
You die...

.#.['..#.)'..#__#..'..)#
.'..#.)'..#..'^.'..#...#
.#####'#####'#__####)..+
.####..#...#(####§[#####
.#__####..##.#≈§≈§c#
.#_____##'#_.+§§§.§+
⌠#_.∩...'..._#§§§§.#
##_..__##_.#'##+####
#_____###'#.#.c@.###
#########.####'###.##
+...'..[..')∩#
#.).########## ##.## #+#


You could see a centaur warrior.

Vanquished Creatures
  Sonja (D)
  A deep troll (D)
  2 kobold demonologists (D)
  A slime creature (D)
  Sigmund (D)
  A yak (D)
  A floating eye (D)
  An ogre (D)
  A jelly (D)
  Ijyb (D)
11 creatures vanquished.

Notes
Turn   | Place    | Note
-------+----------+-------------------------------------------
     0 | D        | MuseOD the Spriggan Enchanter began the quest for the Orb.
     0 | D        | Reached XP level 1. HP: 9/9 MP: 5/5
     2 | D        | Noticed Ijyb
    13 | D        | Killed Ijyb
    13 | D        | Reached XP level 2. HP: 12/15 MP: 6/6
    17 | D        | Learned a level 2 spell: Ensorcelled Hibernation
   171 | D        | Noticed an ogre
   174 | D        | Killed an ogre
   174 | D        | Reached XP level 3. HP: 20/20 MP: 8/8
   174 | D        | Reached XP level 4. HP: 24/24 MP: 9/9
   182 | D        | Noticed Sigmund
   185 | D        | Killed Sigmund
   185 | D        | Reached skill level 10 in Stealth
   185 | D        | Reached XP level 5. HP: 30/30 MP: 10/10
   190 | D        | Learned a level 3 spell: Confuse
   194 | D        | Learned a level 3 spell: Dazzling Spray
   306 | D        | Found a burning altar of Makhleb.
   306 | D        | Found a viscous altar of Jiyva.
   306 | D        | Found a shimmering altar of Xom.
   306 | D        | Found a corrupted altar of Lugonu.
   306 | D        | Noticed a slime creature
   309 | D        | Killed a slime creature
   309 | D        | Reached skill level 5 in Fighting
   309 | D        | Reached XP level 6. HP: 36/36 MP: 11/11
   327 | D        | Found an ornate altar of the Wu Jian Council.
   327 | D        | Found a deep blue altar of Sif Muna.
   329 | D        | Found a radiant altar of Vehumet.
   442 | D        | Found Neosecwu's Armour Emporium.
   442 | D        | Found an ancient bone altar of Kikubaaqudgha.
   442 | D        | Found a hazy altar of Hepliaklqana.
   442 | D        | Found a hide-covered altar of Uskayaw.
   442 | D        | Found a basalt altar of Yredelemnul.
   442 | D        | Found an opulent altar of Gozag.
   442 | D        | Found a snail-covered altar of Cheibriados.
   442 | D        | Found a sacrificial altar of Ru.
   442 | D        | Found a shadowy altar of Dithmenos.
   442 | D        | Noticed a yak
   443 | D        | Found a stormy altar of Qazlal.
   443 | D        | Found a blossoming altar of Fedhas.
   443 | D        | Found a bloodstained altar of Trog.
   443 | D        | Found an iron altar of Okawaru.
   443 | D        | Found a glowing golden altar of the Shining One.
   443 | D        | Found a glowing silver altar of Zin.
   443 | D        | Found a white marble altar of Elyvilon.
   444 | D        | Killed a yak
   444 | D        | Reached XP level 7. HP: 41/41 MP: 12/12
   445 | D        | Found a sparkling altar of Nemelex Xobeh.
   452 | D        | Became a worshipper of Dithmenos the Shadowed
   471 | D        | Noticed a kobold demonologist
   472 | D        | Noticed a kobold demonologist
   475 | D        | Killed a kobold demonologist
   477 | D        | Killed a kobold demonologist
   477 | D        | Reached * piety under Dithmenos
   477 | D        | Reached XP level 8. HP: 46/46 MP: 13/13
   494 | D        | Noticed Sonja
   498 | D        | Killed Sonja
   498 | D        | Reached skill level 15 in Stealth
   510 | D        | Noticed a deep troll
   514 | D        | Killed a deep troll
   514 | D        | Reached skill level 15 in Short Blades
   514 | D        | Reached XP level 9. HP: 52/52 MP: 14/14
   524 | D        | Found Humixton's Armour Emporium.
   591 | D        | Noticed a centaur warrior
   591 | D        | Noticed a centaur warrior
   596 | D        | Slain by a centaur warrior

Skill      XL: |  1  2  3  4  5  6  7  8 |
---------------+-------------------------+-----
Fighting       | 2 3 4 5 6 7 8 |  8.9
Short Blades   | 4 7 9 11 13 15 | 15.4
Stealth        | 6 8 10 11 12 14 15 | 15.8
Dodging        | |  3.0
Spellcasting   | |  2.6
Hexes          | |  3.6

Action                   |  1- 3 |  4- 6 |  7- 9 || total
-------------------------+-------+-------+-------++-------
Melee: Dagger            |    10 |     5 |     5 ||    20
 Cast: Ensorcelled Hiber |       |     1 |       ||     1
       Confuse           |       |       |     1 ||     1
  Use: Scroll            |       |       |     2 ||     2
 Stab: Sleeping          |     2 |     4 |     5 ||    11
Armor: Robe              |     1 |       |     1 ||     2
Dodge: Dodged            |     5 |       |       ||     5
